 Dungeon Crawl Stone Soup version 0.30.1-4-g462c640d31 (webtiles) character file.

Game seed: 9443975261451896890

73 MrPagan1517 the Trooper (level 4, -4/40 HPs)
             Began as a Hill Orc Fighter on Aug 29, 2023.
             Slain by a gnoll
             ... wielding a +0 halberd
              (9 damage)
             ... on level 2 of the Dungeon.
             The game lasted 00:02:02 (947 turns).

MrPagan1517 the Trooper (Hill Orc Fighter)           Turns: 947, Time: 00:02:03

Health: -4/40      AC: 10    Str: 20    XL:     4   Next: 27%
Magic:  4/4        EV:  7    Int:  8    God:
Gold:   86         SH:  4    Dex: 10    Spells: 3/3 levels left

rFire   . . .        a - +0 war axe
rCold   . . .        c - +0 buckler
rNeg    . . .        e - +0 chain mail
rPois   .            (no helmet)
rElec   .            (no cloak)
rCorr   .            (no gloves)
SInv    .            l - +0 pair of boots
Will    .....        (no amulet) Stlth
                     (no ring)
HPRegen 0.26/turn    (no ring)
MPRegen 0.09/turn

%: no passive effects
@: no status effects
A: no striking features
a: no special abilities


You were on level 2 of the Dungeon.
You visited 1 branch of the dungeon, and saw 2 of its levels.

You collected 86 gold pieces.

Inventory:

Hand Weapons
 a - a +0 war axe (weapon)
Armour
 b - a +0 scale mail
 c - a +0 buckler (worn)
 e - a +0 chain mail (worn)
 l - a +0 pair of boots (worn)
Scrolls
 g - a scroll of noise {unknown}
 i - 3 scrolls of identify {unknown}
 j - 4 scrolls of magic mapping {unknown}
 n - a scroll of immolation {unknown}
Potions
 d - a potion of might
 f - 3 potions of curing {unknown}
 h - 2 potions of haste {unknown}
 k - 2 potions of heal wounds {unknown}
 m - a potion of brilliance {unknown}


   Skills:
 + Level 4.3 Fighting
 + Level 3.9 Axes
 + Level 4.1 Armour
 + Level 0.4 Dodging
 + Level 3.4 Shields


You had 3 spell levels left.
You didn't know any spells.
Your spell library was empty.

Dungeon Overview and Level Annotations

Branches:
Dungeon (2/15)

Altars:


Message History

No target in view!
No target in view!
No target in view!
No target in view!
No target in view!
No target in view!
Found a robe.
You see here a quokka corpse.
A gnoll comes into view. It is wielding a +0 whip.
The gnoll shouts!
Found 10 gold pieces.
Found a stone staircase leading down.
A gnoll comes into view. It is wielding a +0 halberd.
A gnoll comes into view. It is wielding a +0 spear.
The gnoll shouts!
The gnoll hits you but does no damage.
You hit the gnoll.
The gnoll is lightly wounded.
The gnoll hits you with a +0 whip.
The gnoll hits you from afar with a +0 halberd!
You hit the gnoll.
The gnoll is moderately wounded.
The gnoll barely misses you. x3
The gnoll hits you from afar with a +0 spear.
You hit the gnoll.
The gnoll is severely wounded.
The gnoll hits you with a +0 whip.
The gnoll hits you from afar with a +0 spear.
The gnoll hits you from afar with a +0 halberd.
You slash the gnoll!
You kill the gnoll!
The gnoll hits you from afar with a +0 spear.
The gnoll hits you from afar with a +0 halberd.
* * * LOW HITPOINT WARNING * * *
The gnoll hits you from afar with a +0 halberd.
* * * LOW HITPOINT WARNING * * *
You block the gnoll's attack. The gnoll hits you with a +0 spear.
* * * LOW HITPOINT WARNING * * *
The gnoll hits you with a +0 halberd!
You die...

.. .# ## .# ## #..
#.# .. #.. #..#
... #..#... ....
#.#... ....##....
..$...>gg#
##########......@#
.........#......)#
.........#.......#
.........######.##
..[......# #...#
.........####.###
..............#
####†....######
##..#####


You could see 2 gnolls.

Vanquished Creatures
  A gnoll (D:2)
  2 adders (D:2)
  2 dart slugs
  An endoplasm (D:1)
  4 giant cockroaches
  A goblin (D:1)
  3 hobgoblins
  4 jackals (D:1)
  3 quokkas
  2 ball pythons (D:1)
  7 bats
  4 frilled lizards
  2 kobolds (D:1)
  5 rats
41 creatures vanquished.

Notes
Turn   | Place    | Note
-------+----------+-------------------------------------------
     0 | D:1      | MrPagan1517 the Hill Orc Fighter began the quest for the
                  | Orb.
     0 | D:1      | Reached XP level 1. HP: 19/19 MP: 1/1
    40 | D:1      | Reached XP level 2. HP: 12/27 MP: 2/2
   326 | D:1      | Reached XP level 3. HP: 33/33 MP: 3/3
   834 | D:2      | Reached XP level 4. HP: 40/40 MP: 4/4
   947 | D:2      | Slain by a gnoll

Illustrated notes

Levels and vault maps discovered:
D:1:      ebering_trefoil_3fold, layout_basic
D:2:      wander_river, layout_basic, uniq_crazy_yiuf_cottage

Skill      XL: |  1  2  3 |
---------------+----------+-----
Fighting       | 4 |  4.3
Axes           | 3 |  3.9
Armour         | 4 |  4.1
Dodging        | |  0.4
Shields        | |  3.4

Action                     |  1- 3 |  4- 6 || total
---------------------------+-------+-------++-------
  Melee: War axe           |    93 |     7 ||   100
 Armour: Scale mail        |    32 |       ||    32
         Chain mail        |    32 |     2 ||    34
  Dodge: Dodged            |    46 |     4 ||    50
  Block: Buckler           |    21 |     2 ||    23
